 Dungeon Crawl Stone Soup version 0.27.1-1-g398f81649c (webtiles) character file.

Game seed: 14128976048031340430

212 speeev33 the Skirmisher (level 5, 0/48 HPs)
             Began as a Hill Orc Fighter on Sept 13, 2021.
             Slain by an orc wizard (1 damage)
             ... on level 3 of the Dungeon.
             The game lasted 00:04:02 (2984 turns).

speeev33 the Skirmisher (Hill Orc Fighter)          Turns: 2984, Time: 00:04:02

Health: 0/48       AC:  8    Str: 17 (20) XL:     5   Next: 89%
Magic:  5/5        EV:  7    Int:  7 (8)  God:
Gold:   104        SH:  9    Dex:  9 (10) Spells: 4/4 levels left

rFire    . . .     SeeInvis .   a - +0 war axe
rCold    . . .     Faith    .   c - +0 kite shield
rNeg     . . .     Spirit   .   b - +0 scale mail
rPois    .         Reflect  .   h - +0 helmet
rElec    .         Harm     .   (no cloak)
rCorr    .         Rampage  .   (no gloves)
Will     .....                  (no boots)
Stlth    ..........             (no amulet)
HPRegen  0.16/turn              (no ring)
MPRegen  0.09/turn              (no ring)

@: no status effects
A: no striking features
a: no special abilities


You were on level 3 of the Dungeon.
You visited 1 branch of the dungeon, and saw 3 of its levels.

You collected 104 gold pieces.

Inventory:

Hand Weapons
 a - a +0 war axe (weapon)
Armour
 b - a +0 scale mail (worn)
 c - a +0 kite shield (worn)
 h - a +0 helmet (worn)
Scrolls
 e - 4 scrolls of noise
Potions
 f - a potion of heal wounds
 g - 3 potions of curing {unknown}
 j - a potion of haste {unknown}


   Skills:
 + Level 5.0 Fighting
 + Level 4.5 Axes
 + Level 4.4 Armour
 + Level 4.4 Shields


You had 4 spell levels left.
You didn't know any spells.
Your spell library contained the following spells:

 Spells                   Type           Power      Damage    Failure   Level
 Ozocubu's Armour         Ice            0%         N/A       100%        3
 Blade Hands              Tmut           0%         N/A       100%        5
 Irradiate                Conj/Tmut      0%         3d13      100%        5
 Dragon Form              Tmut           0%         N/A       100%        7
 Ozocubu's Refrigeration  Ice            0%         4d5       100%        7


Dungeon Overview and Level Annotations

Branches:
Dungeon (3/15)

Altars:
Kikubaaqudgha
Nemelex Xobeh

Annotations:
D:3 1 runed translucent door, Crazy Yiuf


Message History

Something hits you but does no damage.
You miss something. Something hits you.
* * * LOW HITPOINT WARNING * * *
Something hits you but does no damage. Something hits you.
* * * LOW HITPOINT WARNING * * *
You see here a hound skeleton.
You miss something.
Something hits you but does no damage. x2
You bump into the rock wall.
You feel less confused. Something hits you but does no damage.
Your shield and scale mail prevent you from hitting something.
Something hits you but does no damage.
You miss something. You block something's attack.
You miss something. Something hits you but does no damage. Something hits you.
* * * LOW HITPOINT WARNING * * *
You miss something. Something hits you but does no damage.
You closely miss something. Something hits you but does no damage.
Something hits you.
* * * LOW HITPOINT WARNING * * *
You aren't carrying any items that you can evoke.
You slash something! You block something's attack.
You closely miss something.
You hear some strange, mumbled words.
A magic dart appears from out of thin air!
The magic dart hits you.
* * * LOW HITPOINT WARNING * * *
You hear some strange, mumbled words.
You are confused.
Something hits you but does no damage.
You see here a +0 spear.
You bump into the closed door.
Something hits you.
* * * LOW HITPOINT WARNING * * *
You miss something. Something hits you but does no damage.
You're too confused to move!
Something hits you.
* * * LOW HITPOINT WARNING * * *
You closely miss something.
You feel less confused. Something hits you.
You die...

....# .......###.#.###.#
###'#
#.#......##.........##.#
##..#
#.#.##.#.###.###.#..##.#
....# ###.#.#.....
............# #.#.#.
.....#..# #.#.####.####
#.#.#.###.....#
.#.####.#####
....._..#)....#
.............
..#.#.#.##...P#+#+#
##.###.#####.
..#.#........)'÷@.# #.
####.
....###.####.P#{..# #.
#.... #####...# #..#...#
#. #.##. ####.###
#..##### #.##.##.
##......## #### #.......
.........# ####.###
....#.#..# ##....÷..
....#....# #..##.##.
......#..# #.......#


There were no monsters in sight!

Vanquished Creatures
  An orc priest (D:3)
  2 hounds (D:3)
  Robin (D:2)
  A gnoll (D:3)
  A worm (D:3)
  2 dart slugs
  12 orcs (D:3)
  2 bats
  An endoplasm (D:1)
  3 giant cockroaches
  15 goblins
  12 hobgoblins
  9 jackals
  A quokka (D:1)
  5 ball pythons (D:1)
  4 frilled lizards
  2 kobolds
  2 rats (D:1)
76 creatures vanquished.

Vanquished Creatures (others)
  2 fungi (D:3)
  A plant (D:3)
3 creatures vanquished.

Grand Total: 79 creatures vanquished

Notes
Turn   | Place    | Note
-------+----------+-------------------------------------------
     0 | D:1      | speeev33 the Hill Orc Fighter began the quest for the Orb.
     0 | D:1      | Reached XP level 1. HP: 19/19 MP: 1/1
     2 | D:1      | Noticed a palentonga
     2 | D:1      | Noticed a dwarf
     4 | D:1      | Noticed a tengu
     6 | D:1      | Noticed a formicid
     6 | D:1      | Noticed a demigod
     8 | D:1      | Noticed an elf
     8 | D:1      | Noticed a demonspawn
    10 | D:1      | Noticed a barachi
    10 | D:1      | Noticed an octopode
    12 | D:1      | Noticed a ghoul
    12 | D:1      | Noticed a human
    14 | D:1      | Noticed a felid
    14 | D:1      | Noticed a vine stalker
    16 | D:1      | Noticed a djinni
    16 | D:1      | Noticed a troll
    18 | D:1      | Noticed a vampire
    20 | D:1      | Noticed a spriggan
    20 | D:1      | Noticed a minotaur
    22 | D:1      | Noticed a gargoyle
    22 | D:1      | Noticed a naga
    24 | D:1      | Noticed a merfolk
    26 | D:1      | Noticed an ogre
    26 | D:1      | Noticed a draconian
    81 | D:1      | Reached XP level 2. HP: 27/27 MP: 2/2
   458 | D:1      | Reached skill level 4 in Fighting
   542 | D:1      | Reached XP level 3. HP: 33/33 MP: 3/3
  1438 | D:2      | Noticed Robin
  1456 | D:2      | Reached XP level 4. HP: 16/40 MP: 4/4
  1467 | D:2      | Killed Robin
  2259 | D:3      | Found an ancient bone altar of Kikubaaqudgha.
  2402 | D:3      | Reached XP level 5. HP: 29/47 MP: 5/5
  2402 | D:3      | Found a faded altar of an unknown god.
  2633 | D:3      | Found a sparkling altar of Nemelex Xobeh.
  2688 | D:3      | Found a runed translucent door.
  2689 | D:3      | Noticed Crazy Yiuf
  2917 | D:3      | Reached skill level 5 in Fighting
  2981 | D:3      | HP: 2/48 [something (1)]
  2984 | D:3      | Slain by an orc wizard

Illustrated notes

Levels and vault maps discovered:
D:1:      kb_arrival_jail, layout_basic
D:2:      layout_rooms, uniq_robin
D:3:      layout_loops_cross, chei_slow_surprise, overflow_temple_1_default,
          mainiacjoe_overflow_chevrons, mainiacjoe_overflow_alcove_4,
          shapermc_ecumenical_altar_ellora, cheibrodos_gnoll_hut,
          uniq_crazy_yiuf_cottage

Skill      XL: |  1  2  3  4  5 |
---------------+----------------+-----
Axes           | 3 4 |  4.5
Fighting       | 4 5 |  5.0
Shields        | 4 |  4.4
Armour         | 4 |  4.4

Action                   |  1- 3 |  4- 6 || total
-------------------------+-------+-------++-------
Melee: War axe           |   130 |   111 ||   241
  Use: Scroll            |     3 |     1 ||     4
       Potion            |       |     3 ||     3
Armor: Scale mail        |    61 |    77 ||   138
Dodge: Dodged            |    49 |    26 ||    75
Block: Kite shield       |    82 |    62 ||   144
